Map: Abiogenesis LE

Players

Grizz - Winner!

  • Race: Zerg Zerg
  • League: Platinum
  • Spawn Location: 11:00

Lenskor

  • Race: Protoss Protoss
  • League: Silver
  • Spawn Location: 5:00

VOD

Have the link to the VOD?

Description

Time

  • Played on: Feb. 11, 2018, 1:09 p.m.
  • Length: 3:30
Show
View Real Time Build Order
Export as new Build Order

Grizz Zerg - Winner!

Build Orders: Pool Only 

Get SALT Encoding   

  12  0:21  Spawning Pool  
  11  0:27  Drone  
  11  0:28  Drone  
  13  0:33  Drone  
  14  0:41  Overlord  
  14  1:12  Zergling x6  
  14  1:13  Queen  
  19  1:20  Extractor  
  19  1:24  Zergling x2  
  19  1:37  Zergling x2  
  20  1:46  Zergling x2  
  21  1:56  Overlord  
  21  2:20  Zergling x4  
  21  2:34  Zergling x6  
  23  2:59  Zergling x2  
  23  3:00  Zergling x2  
Show
View Real Time Build Order
Export as new Build Order

Lenskor Protoss 

Build Orders:  

Get SALT Encoding   

  12  0:02  Probe  
  13  0:15  Probe  
  13  0:17  Pylon  
  14  0:27  Probe  
  15  0:35  Gateway  
  15  0:39  Probe (Chrono Boost)  
  17  0:50  Probe (Chrono Boost), Assimilator  
  17  0:54  Probe (Chrono Boost)  
  18  1:05  Probe  
  19  1:16  Assimilator  
  19  1:17  Probe  
  20  1:24  Cybernetics Core  
  20  1:34  Probe  
  21  1:46  Probe  
  22  1:53  Pylon  
  22  1:58  Probe  
  23  2:06  Pylon  
  23  2:10  Zealot (Chrono Boost)  
  25  2:28  Zealot (Chrono Boost)  
  27  2:51  Zealot (Chrono Boost)  
  27  3:06  Cybernetics Core  
Tags
 
Add a new tag
Caveats
  • Supply blocks, unpowered buildings, or Contaminate may cause inaccurate times.
  • Supply counts are checked every 10 seconds.